 Dungeon Sprint DCSS version 0.26-a0-651-gb41185065b (webtiles) character file.

Game seed: 6459723318595134449

59215 tsouns the Shatterer (level 14, -22/159 HPs)
             Began as a Naga Berserker on Oct 28, 2020.
             Was the Champion of Trog.
             Killed from afar by a crystal guardian (34 damage)
             ... with a crystal bolt
             ... in the Dungeon (Sprint IX: "|||||||||||||||||||||||||||||").
             The game lasted 00:23:22 (6129 turns).

tsouns the Shatterer (Naga Berserker)               Turns: 6129, Time: 00:23:23

Health: -22/159    AC: 27    Str: 24    XL:     14   Next: 94%
Magic:  6/14       EV:  9    Int:  9    God:    Trog [******]
Gold:   456        SH:  5    Dex: 10    Spells: 13/13 levels left

rFire    . . .     SeeInvis +   v - +7 great mace (vorpal)
rCold    . . .     Faith    .   (shield currently unavailable)
rNeg     . . .     Spirit   .   E - +0 shadow dragon scales
rPois    +         Reflect  +   y - +0 helmet
rElec    .         Harm     .   n - +0 cloak
rCorr    .         Rampage  .   m - +0 pair of gloves
MR       +++..     NoTele   +   o - +1 barding
Stlth    ++++++++..             a - amulet of reflection
HPRegen  0.36/turn              q - ring of protection from magic
MPRegen  0.14/turn              p - ring of protection from magic

@: very slow
A: large, see invisible, deformed body, poison resistance, slowness 2, spit
poison 1, constrict 1, AC +4
a: Spit Poison, Berserk, Trog's Hand, Brothers in Arms, Renounce Religion


You were in the Dungeon.
You worshipped Trog.
Trog was exalted by your worship.
You visited 1 branch You collected 1925 gold pieces.
You spent 1469 gold pieces at shops.

Inventory:

Hand Weapons
 v - a +7 vorpal great mace (weapon)
 z - a +2 antimagic great mace
 G - a +4 great mace of flaming
Missiles
 b - 7 curare-tipped darts
 x - 4 boomerangs (quivered)
Armour
 l - +0 fire dragon scales
 m - a +0 pair of gloves (worn)
 n - a +0 cloak (worn)
 o - a +1 barding (worn)
 y - a +0 helmet (worn)
 E - +0 shadow dragon scales (worn)
Jewellery
 a - an amulet of reflection (around neck)
 p - a ring of protection from magic (right hand)
 q - a ring of protection from magic (left hand)
 D - an uncursed ring of protection from fire
Wands
 k - a wand of acid (3)
Scrolls
 h - a scroll of blinking
 j - 4 scrolls of remove curse
 t - 2 scrolls of fog
 u - a scroll of immolation
 w - 2 scrolls of fear
 F - 3 scrolls of enchant weapon
Potions
 c - 5 potions of curing
 d - 5 potions of heal wounds
 e - 3 potions of haste
 f - 4 potions of magic
 g - 2 potions of berserk rage
 i - 2 potions of invisibility
 r - a potion of resistance
 s - a potion of mutation
 A - 2 potions of might
 B - a potion of degeneration
 C - a potion of lignification


   Skills:
 + Level 19.2 Fighting
 + Level 22.6 Maces & Flails
 + Level 13.2 Armour
 + Level 13.2 Dodging
 + Level 18.0 Stealth
 + Level 11.7 Evocations


You had 13 spell levels left.
You didn't know any spells.
Your spell library was empty.

Dungeon Overview and Level Annotations

Branches:
Dungeon (1/1)

Altars:
Cheibriados
Dithmenos
Elyvilon
Fedhas
Gozag
Hepliaklqana
Kikubaaqudgha
Makhleb
Nemelex Xobeh
Okawaru
Qazlal
Ru
Sif Muna
Trog
Uskayaw
Vehumet
Wu Jian
Xom
Yredelemnul
Zin
The Shining One
Beogh
Jiyva
Lugonu

Shops:
D =:**


Innate Abilities, Weirdness & Mutations

You cannot wear boots.
Your serpentine skin is tough. (AC +4)
You have supernaturally acute eyesight. (SInv)
Armour fits poorly on your strangely shaped body.
Your system is resistant to poisons. (rPois)
You cover ground very slowly.
You can spit poison.
You can use your snake-like lower body to constrict enemies.


Message History

* * * LOW HITPOINT WARNING * * *
The crystal bolt freezes your deep troll!!!
Press: ? - help, Dir - move target cursor
As you read the scroll of blinking, it crumbles to dust.
Your deep troll rages.
Your deep troll rages.
Your deep troll bites the crystal guardian.
Your deep troll claws the crystal guardian.
Your deep troll claws the crystal guardian but does no damage.
The crystal guardian fires a crystalline bolt at you.
The crystal bolt freezes your deep troll!!
The crystal bolt misses you.
Your deep troll completely misses the crystal guardian.
Your deep troll claws the crystal guardian but does no damage. x2
The crystal guardian fires a crystalline bolt at you.
The crystal bolt freezes your deep troll!!
Your deep troll dies!
Your deep troll's corpse disappears in a puff of smoke!
The crystal bolt freezes you!!
You die...

▓.▓.♣.♣.▓[▓.▓[▓.▓'
▓.▓.♣.♣.▓.▓.▓)▓.▓.
▓)▓.♣.♣.▓.▓.▓)▓.▓.
▓.▓.♣.♣.▓.▓.▓)▓.▓.
▓.▓.▓)▓.▓.▓.▓.▓.▓.
▓+▓.▓)▓.▓.▓.▓.▓.▓.
▓)▓.▓)▓.▓.▓.▓.▓.▓.
▓)▓.▓)▓.▓(▓.▓.▓.▓.
▓@▓.▓.▓.▓.▓.▓)▓.▓.
▓)▓.▓)▓.▓)▓.▓)▓.▓.
▓)▓)▓.▓.▓)▓.▓)▓.▓'
▓†▓.▓.▓.▓)▓.▓.▓.▓.
▓)▓.▓.▓.▓)▓.▓.▓.▓.
▓§▓.▓.▓.▓)▓.▓.▓.▓.
▓8▓.▓'▓.▓(▓.▓)▓.▓.
▓.▓.▓†▓.▓.▓)▓∩▓.▓.
▓.▓.▓†▓.▓)▓.▓(▓.▓.


You could see a crystal guardian.

Vanquished Creatures
  Saint Roka (D)
  Frances (D)
  A thorn hunter (D)
  A nagaraja (D)
  A frost giant (D)
  A vault warden (D)
  A ghost moth (D)
  Aizul (D)
  A very ugly thing (D)
  Nessos (D)
  2 dire elephants (D)
  A spark wasp (D)
  A merfolk impaler (D)
  An ettin (D)
  2 fire dragons (D)
  A hydra (D)
  A rakshasa (D)
  2 yaktaur captains (D)
  2 great orbs of eyes (D)
  An ice dragon (D)
  A naga warrior (D)
  A centaur warrior (D)
  An anaconda (D)
  2 merfolk aquamancers (D)
  An alligator (D)
  3 ogre magi (D)
  3 orc high priests (D)
  Sonja (D)
  Nergalle (D)
  An ironbrand convoker (D)
  2 harpies (D)
  A wolf spider (D)
  5 orc knights (D)
  An orb spider (shapeshifter) (D)
  An orc sorcerer (D)
  A necromancer (D)
  3 orb spiders (D)
  A cyclops (D)
  3 elephants (D)
  Joseph (D)
  A vault sentinel (D)
  3 black mambas (D)
  A naga mage (D)
  2 cane toads (D)
  Psyche (D)
  A komodo dragon (shapeshifter) (D)
  An efreet (D)
  A freezing wraith (D)
  3 yaktaurs (D)
  A jumping spider (D)
  2 merfolk (D)
  3 hornets (D)
  A tyrant leech (D)
  2 bog bodies (D)
  A snapping turtle (D)
  A hippogriff (D)
  A tarantella (D)
  A wraith (D)
  A wyvern (D)
  A redback (D)
  A yak (D)
  2 humans (shapeshifter) (D)
  A hog (shapeshifter) (D)
  A vampire mosquito (D)
  A soldier ant (D)
  A naga (D)
  An insubstantial wisp (D)
  A water moccasin (D)
  5 orc warriors (D)
  2 swamp drakes (D)
  An ogre (D)
  A boggart (D)
  2 bullfrogs (D)
  A scorpion (D)
  3 howler monkeys (D)
  5 orc priests (D)
  A jelly (D)
  2 orc wizards (D)
  A hound (D)
  An iguana (D)
  A white imp (D)
  An ooze (D)
  An adder zombie (D)
  A leopard gecko (D)
  8 orcs (D)
  A giant cockroach (D)
  2 kobolds (D)
  A giant cockroach zombie (D)
  A goblin (D)
  A rat (D)
139 creatures vanquished.

Vanquished Creatures (collateral kills)
  A frost giant (D)
  An ettin (D)
  A fire dragon (D)
  A rakshasa (D)
  An ice dragon (D)
  A centaur warrior (D)
  A death knight (D)
  An ogre mage (D)
  A shock serpent (D)
  5 orc high priests (D)
  A hell knight (D)
  2 ironbrand convokers (D)
  4 orc knights (D)
  An orc sorcerer (D)
  A vault sentinel (D)
  3 elephants (D)
  A black mamba (D)
  2 cane toads (D)
  A rime drake (D)
  A freezing wraith (D)
  2 hippogriffs (D)
  A wyvern (D)
  A human (shapeshifter) (D)
  2 water moccasins (D)
  4 orc warriors (D)
  3 porcupines (D)
  A crocodile (D)
  A bullfrog (D)
  An orc priest (D)
  An orc wizard (D)
48 creatures vanquished.

Vanquished Creatures (others)
  A necromancer (D)
1 creature vanquished.

Grand Total: 188 creatures vanquished

Notes
Turn   | Place    | Note
-------+----------+-------------------------------------------
     0 | D        | tsouns the Naga Berserker began the quest for the Orb.
     0 | D        | Reached XP level 1. HP: 21/21 MP: 1/1
     6 | D        | Reached ** piety under Trog
   203 | D        | Noticed an iguana
   205 | D        | Reached skill level 4 in Maces & Flails
   205 | D        | Reached XP level 2. HP: 30/30 MP: 2/2
   208 | D        | Reached *** piety under Trog
   208 | D        | Reached skill level 5 in Fighting
   208 | D        | Reached skill level 5 in Maces & Flails
   208 | D        | Reached XP level 3. HP: 39/39 MP: 3/3
   258 | D        | Found a roughly hewn altar of Beogh.
   258 | D        | Found a snail-covered altar of Cheibriados.
   258 | D        | Found a shadowy altar of Dithmenos.
   258 | D        | Found a white marble altar of Elyvilon.
   258 | D        | Found a blossoming altar of Fedhas.
   258 | D        | Found an opulent altar of Gozag.
   259 | D        | Found a hazy altar of Hepliaklqana.
   260 | D        | Found a viscous altar of Jiyva.
   261 | D        | Found an ancient bone altar of Kikubaaqudgha.
   262 | D        | Found a corrupted altar of Lugonu.
   263 | D        | Found a burning altar of Makhleb.
   264 | D        | Found a sparkling altar of Nemelex Xobeh.
   265 | D        | Found an iron altar of Okawaru.
   266 | D        | Found a stormy altar of Qazlal.
   267 | D        | Found a sacrificial altar of Ru.
   268 | D        | Found a shimmering blue altar of Sif Muna.
   269 | D        | Found a bloodstained altar of Trog.
   270 | D        | Found a hide-covered altar of Uskayaw.
   271 | D        | Found a radiant altar of Vehumet.
   272 | D        | Found an ornate altar of the Wu Jian Council.
   273 | D        | Found a shimmering altar of Xom.
   274 | D        | Found a basalt altar of Yredelemnul.
   275 | D        | Found a glowing silver altar of Zin.
   276 | D        | Found a glowing golden altar of the Shining One.
   326 | D        | Noticed a bullfrog
   326 | D        | Noticed a scorpion
   326 | D        | Noticed a yak
   330 | D        | Killed a bullfrog
   330 | D        | Reached **** piety under Trog
   330 | D        | Reached skill level 6 in Maces & Flails
   330 | D        | Reached XP level 4. HP: 49/49 MP: 4/4
   331 | D        | Reached skill level 7 in Maces & Flails
   331 | D        | Reached XP level 5. HP: 57/57 MP: 5/5
   339 | D        | Killed a yak
   339 | D        | Reached skill level 9 in Maces & Flails
   339 | D        | Reached XP level 6. HP: 68/68 MP: 6/6
   376 | D        | Noticed a hippogriff
   376 | D        | Noticed a centaur warrior
   377 | D        | Reached ***** piety under Trog
   384 | D        | Killed a hippogriff
   384 | D        | Reached skill level 10 in Maces & Flails
   384 | D        | Reached XP level 7. HP: 69/78 MP: 7/7
   391 | D        | Killed a centaur warrior
   391 | D        | Reached skill level 12 in Maces & Flails
   391 | D        | Reached skill level 5 in Dodging
   391 | D        | Reached XP level 8. HP: 45/90 MP: 8/8
   395 | D        | Reached skill level 5 in Armour
   723 | D        | Noticed a hippogriff
   723 | D        | Noticed a hippogriff
   723 | D        | Noticed a rime drake
   726 | D        | Killed a hippogriff
   730 | D        | Killed a hippogriff
   730 | D        | Received a gift from Trog
   730 | D        | Reached skill level 13 in Maces & Flails
   732 | D        | Killed a rime drake
   732 | D        | Reached XP level 9. HP: 98/98 MP: 9/9
   739 | D        | Noticed a cane toad
   742 | D        | Killed a cane toad
   749 | D        | Noticed a cane toad
   749 | D        | Noticed a cane toad
   750 | D        | Killed a cane toad
   750 | D        | Reached skill level 14 in Maces & Flails
   752 | D        | Reached skill level 1 in Stealth
   757 | D        | Killed a cane toad
   757 | D        | Reached ****** piety under Trog
   759 | D        | Received a gift from Trog
   760 | D        | Noticed an eight-headed hydra
   767 | D        | Noticed a black mamba
   771 | D        | Killed an eight-headed hydra
   771 | D        | Reached skill level 15 in Maces & Flails
   771 | D        | Reached XP level 10. HP: 110/110 MP: 10/10
   782 | D        | Killed a black mamba
   911 | D        | Noticed a dire elephant
   911 | D        | Noticed an elephant
   911 | D        | Noticed an elephant
   911 | D        | Noticed an elephant
   911 | D        | Noticed an elephant
   911 | D        | Noticed an elephant
   926 | D        | Killed a dire elephant
   926 | D        | Reached skill level 16 in Maces & Flails
   928 | D        | Noticed an elephant
   931 | D        | Killed an elephant
   936 | D        | Killed an elephant
   936 | D        | Received a gift from Trog
   941 | D        | Killed an elephant
   946 | D        | Killed an elephant
   947 | D        | Killed an elephant
   947 | D        | Noticed a dire elephant
   948 | D        | Killed an elephant
   955 | D        | HP: 5/112 [dire elephant (27)]
  1362 | D        | Killed a dire elephant
  1362 | D        | Reached skill level 17 in Maces & Flails
  1362 | D        | Reached XP level 11. HP: 52/121 MP: 11/11
  1775 | D        | Noticed Joseph
  1789 | D        | Killed Joseph
  1902 | D        | Noticed an orc high priest
  1909 | D        | Noticed a soul eater
  1924 | D        | Received a gift from Trog
  1928 | D        | Killed an orc high priest
  2126 | D        | Noticed an orc knight
  2130 | D        | Noticed an ettin
  2131 | D        | Noticed an orc high priest
  2134 | D        | Killed an orc knight
  2134 | D        | Reached skill level 18 in Maces & Flails
  2138 | D        | Killed an ettin
  2142 | D        | Received a gift from Trog
  2143 | D        | Noticed an orc sorcerer
  2148 | D        | Killed an orc high priest
  2148 | D        | Reached skill level 15 in Fighting
  2150 | D        | Killed an orc sorcerer
  2204 | D        | Found Zaatusi's Jewellery Emporium.
  2204 | D        | Noticed an orc knight
  2204 | D        | Noticed an orc high priest
  2204 | D        | Noticed an orc knight
  2204 | D        | Noticed an orc knight
  2204 | D        | Noticed an orc knight
  2205 | D        | Noticed an orc high priest
  2210 | D        | Killed an orc knight
  2210 | D        | Received a gift from Trog
  2213 | D        | Killed an orc high priest
  2215 | D        | Noticed an orc knight
  2215 | D        | Killed an orc knight
  2217 | D        | Noticed an orc knight
  2231 | D        | Killed an orc knight
  2236 | D        | Killed an orc knight
  2236 | D        | Reached skill level 19 in Maces & Flails
  2242 | D        | Killed an orc high priest
  2250 | D        | Killed an orc knight
  2265 | D        | Killed an orc knight
  2265 | D        | Received a gift from Trog
  2513 | D        | Found Zutuof's Book Shoppe.
  2517 | D        | Found Gopy's Assorted Antiques.
  2521 | D        | Found Kirph's Assorted Antiques.
  2526 | D        | Noticed an orc high priest
  2527 | D        | Bought an uncursed amulet of reflection for 300 gold pieces
  2530 | D        | Noticed an orc high priest
  2532 | D        | Noticed an orc knight
  2532 | D        | Noticed an orc high priest
  2537 | D        | Killed an orc high priest
  2537 | D        | Reached XP level 12. HP: 89/132 MP: 12/12
  2541 | D        | Noticed an orc high priest
  2544 | D        | Killed an orc high priest
  2566 | D        | Noticed a soul eater
  2566 | D        | Killed an orc high priest
  2566 | D        | Reached skill level 20 in Maces & Flails
  2568 | D        | Killed an orc high priest
  2579 | D        | Bought a potion of curing for 72 gold pieces
  2579 | D        | Bought a scroll of fear for 84 gold pieces
  2579 | D        | Bought a scroll labeled SAPSUEPLAU for 24 gold pieces
  2579 | D        | Bought a sedimented pink potion for 21 gold pieces
  2579 | D        | Bought a cyan potion for 21 gold pieces
  2579 | D        | Bought a scroll of identify for 48 gold pieces
  2581 | D        | Bought a potion of heal wounds for 110 gold pieces
  2581 | D        | Bought a scroll of blinking for 165 gold pieces
  2581 | D        | Bought a scroll of fog for 44 gold pieces
  2586 | D        | Bought a potion of invisibility for 176 gold pieces
  2586 | D        | Bought a scroll of identify for 44 gold pieces
  2588 | D        | Bought a cabochon ring for 120 gold pieces
  2593 | D        | Bought a runed emerald ring for 120 gold pieces
  2593 | D        | Bought a small ruby ring for 120 gold pieces
  2859 | D        | Noticed Psyche
  2864 | D        | Killed Psyche
  2937 | D        | Got the +3 mace of Cheese {vorpal, Str+6 Dex+5}
  3016 | D        | Received a gift from Trog
  3018 | D        | Noticed an ice dragon
  3020 | D        | Noticed a rakshasa
  3022 | D        | Noticed a frost giant
  3025 | D        | HP: 6/133 [ice dragon/blast of cold (33)]
  3026 | D        | Killed an ice dragon
  3026 | D        | Reached skill level 5 in Stealth
  3034 | D        | Killed a rakshasa
  3043 | D        | Killed a frost giant
  3052 | D        | Noticed a fire dragon
  3350 | D        | Killed a fire dragon
  3350 | D        | Received a gift from Trog
  3350 | D        | Reached skill level 1 in Evocations
  3460 | D        | Noticed Aizul
  3476 | D        | Killed Aizul
  3822 | D        | Noticed Saint Roka
  3841 | D        | Killed Saint Roka
  3841 | D        | Reached skill level 10 in Armour
  3841 | D        | Reached skill level 10 in Dodging
  3841 | D        | Reached skill level 10 in Stealth
  3841 | D        | Gained mutation: You can use your snake-like lower body to
                  | constrict enemies. [Naga growth]
  3841 | D        | Reached XP level 13. HP: 142/142 MP: 13/13
  3843 | D        | Received a gift from Trog
  3846 | D        | Reached skill level 5 in Evocations
  3993 | D        | Reached skill level 21 in Maces & Flails
  3995 | D        | Received a gift from Trog
  3998 | D        | Noticed a merfolk impaler
  4023 | D        | Killed a merfolk impaler
  4357 | D        | Received a gift from Trog
  4360 | D        | Noticed a thorn hunter
  4375 | D        | Killed a thorn hunter
  4623 | D        | Noticed a nagaraja
  4637 | D        | Killed a nagaraja
  4637 | D        | Received a gift from Trog
  4661 | D        | HP: 4/145 [naga warrior/cursed -1 glaive (13)]
  4669 | D        | Received a gift from Trog
  5017 | D        | Noticed a ghost moth
  5031 | D        | Killed a ghost moth
  5033 | D        | Reached XP level 14. HP: 142/154 MP: 0/14
  5141 | D        | Noticed Nessos
  5155 | D        | Killed Nessos
  5155 | D        | Received a gift from Trog
  5298 | D        | Noticed Sonja
  5305 | D        | Killed Sonja
  5313 | D        | Noticed Nergalle
  5324 | D        | Killed Nergalle
  5324 | D        | Reached skill level 15 in Stealth
  5383 | D        | Noticed Frances
  5394 | D        | Killed Frances
  5436 | D        | Received a gift from Trog
  5448 | D        | Reached skill level 22 in Maces & Flails
  5454 | D        | Received a gift from Trog
  5454 | D        | Reached skill level 10 in Evocations
  5499 | D        | Received a gift from Trog
  5873 | D        | Noticed a purple very ugly thing
  5885 | D        | Killed a purple very ugly thing
  5887 | D        | Received a gift from Trog
  6054 | D        | Noticed a vault warden
  6065 | D        | Received a gift from Trog
  6076 | D        | Killed a vault warden
  6084 | D        | Noticed a frost giant
  6092 | D        | Received a gift from Trog
  6098 | D        | Killed a frost giant
  6105 | D        | Received a gift from Trog
  6129 | D        | Killed from afar by a crystal guardian

Illustrated notes

Levels and vault maps discovered:
D:        linesprint [early_d, line_temple, items_1, d_10, items_2, lair_1,
          lair_end, items_3, orc_1, orc_end, items_4, d_15, swamp_1, shoals_1,
          snake_1, spider_1, d_20, vaults_1, items_5, swamp_end, shoals_end,
          snake_end, spider_end, vaults_end, d_27, items_6, zot_1, zot_end,
          crypt_end, forest_end, elf_end, slime_end, tomb_end, abyss_end,
          pan_hell_end]

Skill      XL: |  1  2  3  4  5  6  7  8  9 10 11 12 13 14 |
---------------+-------------------------------------------+-----
Fighting       | 4 5 6 7 8 9 11 13 14 15 16 17 19 | 19.2
Maces & Flails | 4 5 6 7 9 10 12 13 15 17 19 20 21 22 | 22.6
Armour         | 2 3 4 5 6 7 8 10 11 13 | 13.2
Dodging        | 2 3 4 5 6 7 8 10 11 13 | 13.2
Stealth        | 1 2 10 14 18 | 18.0
Evocations     | 4 8 11 | 11.7

Action                   |  1- 3 |  4- 6 |  7- 9 | 10-12 | 13-15 || total
-------------------------+-------+-------+-------+-------+-------++-------
Melee: Mace              |    24 |       |       |       |       ||    24
       Morningstar       |     3 |    17 |    14 |       |       ||    34
       Dire flail        |       |       |     6 |    83 |       ||    89
       Great mace        |       |       |       |   123 |   224 ||   347
       Constrict         |       |       |       |       |    47 ||    47
Throw: Boomerang         |       |       |       |       |     3 ||     3
Invok: Berserk           |     2 |       |     2 |     7 |     2 ||    13
       Brothers in Arms  |       |       |     1 |    10 |     7 ||    18
Evoke: Wand              |       |       |       |     5 |     2 ||     7
  Use: Scroll            |       |       |       |    10 |     2 ||    12
       Potion            |       |       |       |     5 |     2 ||     7
 Stab: Sleeping          |       |       |       |       |     2 ||     2
       Distracted        |       |       |       |       |     1 ||     1
Armor: Animal skin       |     2 |       |       |       |       ||     2
       Ring mail         |     4 |     4 |    11 |    20 |       ||    39
       Plate armour      |       |       |       |    14 |       ||    14
       Shadow dragon sca |       |       |       |    18 |   105 ||   123
Dodge: Dodged            |    12 |     7 |    15 |    65 |    45 ||   144
Block: Other             |       |       |       |    16 |    31 ||    47
       Reflection        |       |       |       |       |     6 ||     6

Table legend: (Time is in decaauts)
 A = Elapsed time spent in this place.
 B = Non-inter-level travel time spent in this place.
 C = Inter-level travel time spent in this place.
 D = Time resting spent in this place.
 E = Time spent auto-exploring this place.
 F = Levels seen in this place.
 G = Mean time per level.
                   A        B        C        D        E       F      G
               +--------+--------+--------+--------+--------+-----+--------+
         Total |   6511 |   6511 |      0 |   3997 |   1003 |   1 | 6511.0 |
       Dungeon |   6511 |   6511 |      0 |   3997 |   1003 |   1 | 6511.0 |
               +--------+--------+--------+--------+--------+-----+--------+

Top non-repeatable levels by time:
       D: 6511 daAuts
